 Dungeon Crawl Stone Soup version 0.27.1-2-g3b301248ec (webtiles) character file.

Game seed: 13318494817903963685

4 nxtlvl the Chopper (level 1, -1/19 HPs)
             Began as a Hill Orc Monk on Sept 25, 2021.
             Slain by Grinder (6 damage)
             ... on level 3 of the Dungeon.
             The game lasted 00:01:41 (302 turns).

nxtlvl the Chopper (Hill Orc Monk)                   Turns: 302, Time: 00:01:42

Health: -1/19      AC:  2    Str: 13    XL:     1   Next: 60%
Magic:  1/1        EV: 12    Int: 10    God:
Gold:   4          SH:  5    Dex: 13    Spells: 0/0 levels left

rFire    . . .     SeeInvis .   a - +0 hand axe
rCold    . . .     Faith    .   (no shield)
rNeg     . . .     Spirit   .   b - +0 robe
rPois    .         Reflect  +   (no helmet)
rElec    .         Harm     .   (no cloak)
rCorr    .         Rampage  .   (no gloves)
Will     .....                  (no boots)
Stlth    ++........             d - amulet of reflection
HPRegen  0.06/turn              (no ring)
MPRegen  0.07/turn              (no ring)

@: attractive, very slightly contaminated, invisible
A: no striking features
a: no special abilities


You were on level 3 of the Dungeon.
You visited 1 branch of the dungeon, and saw 3 of its levels.

You collected 4 gold pieces.

Inventory:

Hand Weapons
 a - a +0 hand axe (weapon)
Armour
 b - a +0 robe (worn)
Jewellery
 d - an amulet of reflection (around neck)
Potions
 e - a potion of attraction


   Skills:
 - Level 3.6 Fighting
 * Level 4.4 Axes
 - Level 2.4 Dodging
 - Level 1.5 Stealth


You couldn't memorise any spells.
You didn't know any spells.
Your spell library was empty.

Dungeon Overview and Level Annotations

Branches:
Dungeon (3/15)

Altars:

Annotations:
D:3 Grinder


Message History

You closely miss the giant cockroach. You block Grinder's attack.
You block the giant cockroach's attack.
You hit Grinder.
Grinder is moderately wounded.
You hit the giant cockroach but do no damage.
Grinder closely misses you.
The giant cockroach completely misses you.
You barely miss Grinder.
Grinder is moderately wounded.
You hit the giant cockroach but do no damage.
Grinder says, "You look like you could use a good racking."
Grinder misses you. The giant cockroach closely misses you.
You barely miss Grinder.
Grinder is moderately wounded.
You closely miss the giant cockroach. You block the giant cockroach's attack.
Grinder says, "There's only one good use for a tongue: cutting it out."
Grinder barely misses you.
The giant cockroach bites you but does no damage.
You hit Grinder but do no damage.
Grinder is moderately wounded.
You hit the giant cockroach but do no damage.
Grinder gestures at you. Pain shoots through your body!
The giant cockroach barely misses you. Grinder hits you.
You writhe in agony.
You barely miss Grinder.
Grinder is moderately wounded.
You hit the giant cockroach but do no damage.
The giant cockroach bites you. Grinder gestures at you.
Pain shoots through your body!
* * * LOW HITPOINT WARNING * * *
You hit Grinder.
Grinder is moderately wounded.
You closely miss the giant cockroach. Grinder misses you.
The giant cockroach is pulled toward you!
You hit Grinder.
Grinder is moderately wounded.
Grinder grins, showing sharp teeth.
Grinder hits you.
You die...

#.# ##.## #.#
#.# #.# #.#
#.# .#
#.######.#
#........#+##
####........[
#.........
#.@.......
#.......#
#B5.......
#...(...#
#.........
#......l#
#..)......
#.......#
#.........
#......5#
#.........
#.......+
'.........
#.......#
#.........
#.......#


You could see Grinder and a giant cockroach (wandering).

Vanquished Creatures
  A kobold (D:3)
  2 bats
  A rat (D:2)
4 creatures vanquished.

Notes
Turn   | Place    | Note
-------+----------+-------------------------------------------
     0 | D:1      | nxtlvl the Hill Orc Monk began the quest for the Orb.
     0 | D:1      | Reached XP level 1. HP: 19/19 MP: 1/1
   226 | D:3      | Noticed Grinder
   302 | D:3      | Slain by Grinder

Illustrated notes

Levels and vault maps discovered:
D:1:      sevenhm_arrival_forest_fort_small_3, layout_basic,
          minmay_misc_feat_chi
D:2:      layout_basic, chequers_ecumenical_altar_simple_redux, basic_altar
D:3:      layout_basic, uniq_grinder

Action                   || total
-------------------------++-------
Melee: Hand axe          ||    23
  Use: Potion            ||     3
       Scroll            ||     1
Armor: Robe              ||     6
Dodge: Dodged            ||    16
Block: Other             ||    10
